Map: [ESL] Crimson Court

Players

Spirit

  • Race: Terran Terran
  • Spawn Location: 7:00

Cure - Winner!

  • Race: Terran Terran
  • Spawn Location: 1:00

Event: ESL Spring 2024 Finals

VOD

Have the link to the VOD?

Description

Time

  • Played on: May 31, 2024, 4:09 p.m.
  • Length: 7:13

All games in this series

Show
View Real Time Build Order
Export as new Build Order

Spirit Terran 

Build Orders: Cyclone Opening 

Get SALT Encoding   

  12  0:00  SCV  
  13  0:12  SCV  
  14  0:16  Supply Depot  
  14  0:24  SCV  
  15  0:38  SCV  
  15  0:41  Barracks  
  16  0:43  Refinery  
  16  0:50  SCV  
  16  0:52  Refinery  
  17  1:02  SCV  
  18  1:14  SCV  
  19  1:28  Orbital Command, Reaper  
  20  1:34  Supply Depot  
  20  1:42  Factory  
  20  1:54  SCV  
  21  2:00  Reaper  
  22  2:06  SCV  
  23  2:18  SCV  
  23  2:19  Command Center  
  24  2:27  Hellion  
  26  2:32  SCV  
  27  2:37  Barracks Reactor  
  27  2:43  Starport  
  27  2:44  SCV  
  28  2:48  Supply Depot  
  28  2:55  Cyclone  
  28  2:58  SCV  
  31  3:10  SCV  
  31  3:15  Marine x2  
  32  3:22  SCV  
  33  3:31  Factory Tech Lab  
  33  3:33  Marine x2  
  33  3:34  SCV  
  32  3:46  Orbital Command  
  32  3:49  SCV  
  32  3:51  Marine, Refinery  
  34  3:57  Factory Tech Lab  
  34  4:00  Raven, Marine  
  34  4:01  SCV  
  38  4:07  Supply Depot  
  38  4:08  Interference Matrix  
  38  4:11  SCV  
  38  4:13  SCV  
  38  4:16  Siege Tank  
  43  4:19  Marine  
  43  4:22  Marine  
  43  4:24  SCV  
  46  4:25  SCV  
  46  4:27  Supply Depot  
  47  4:34  Raven  
  47  4:36  SCV  
  47  4:37  SCV  
  51  4:45  Command Center  
  51  4:48  SCV  
  50  4:56  SCV  
  50  4:58  Barracks  
  50  4:59  Factory Reactor  
  51  5:00  SCV  
  51  5:03  Barracks  
  51  5:05  Marine  
  51  5:06  Stimpack  
  53  5:10  Raven  
  55  5:15  Supply Depot  
  55  5:16  SCV  
  55  5:17  SCV  
  57  5:24  Supply Depot  
  57  5:28  SCV  
  57  5:29  SCV  
  57  5:31  Marine  
  57  5:35  Engineering Bay  
  60  5:38  Engineering Bay  
  60  5:41  SCV x2  
  60  5:42  Refinery  
  62  5:49  Marine  
  62  5:52  Siege Tank  
  62  5:53  SCV x2  
  62  5:55  Marine  
  62  5:57  Marine  
  69  5:58  Marine  
  69  5:59  Marine  
  69  6:02  Starport Reactor  
  72  6:04  Missile Turret  
  72  6:05  SCV  
  72  6:06  Orbital Command  
  72  6:09  SCV  
  72  6:10  Marine  
  75  6:16  Marine  
  75  6:17  Marine  
  77  6:18  Marine  
  77  6:19  Marine  
  77  6:20  SCV  
  72  6:27  Marine  
  72  6:32  SCV  
  56  6:33  Marine  
  56  6:35  Marine  
  56  6:36  Marine  
  56  6:37  Marine  
  56  6:38  SCV  
  56  6:44  SCV  
  56  6:45  Marine  
  50  6:51  Marine  
Show
View Real Time Build Order
Export as new Build Order

Cure Terran - Winner!

Build Orders: Cyclone Opening, Reaper Expand 

Get SALT Encoding   

  12  0:00  SCV  
  13  0:12  SCV  
  14  0:16  Supply Depot  
  14  0:24  SCV  
  15  0:38  SCV  
  15  0:40  Barracks  
  15  0:42  Refinery  
  16  0:50  SCV  
  17  1:02  SCV  
  18  1:14  SCV  
  19  1:27  Orbital Command, Reaper  
  20  1:41  Command Center  
  20  1:51  Supply Depot  
  20  1:53  SCV  
  21  1:59  Marine  
  22  2:05  SCV  
  22  2:08  Factory  
  23  2:17  SCV, Marine  
  23  2:19  Refinery  
  25  2:29  SCV  
  26  2:34  Marine  
  26  2:41  SCV  
  27  2:51  Cyclone  
  27  2:53  SCV, Starport  
  27  2:54  Orbital Command  
  30  3:01  Barracks Reactor  
  30  3:06  SCV  
  31  3:18  SCV  
  29  3:31  Cyclone  
  29  3:33  SCV x2  
  31  3:39  Marine x2, Medivac  
  35  3:45  SCV x2  
  37  3:52  Supply Depot  
  37  3:56  Marine  
  37  3:57  SCV x2, Marine  
  37  3:58  Refinery  
  41  4:04  Factory Tech Lab  
  41  4:09  SCV x2  
  43  4:10  Starport Tech Lab  
  43  4:14  Marine x2  
  45  4:21  SCV x2  
  45  4:22  Supply Depot  
  45  4:23  Siege Tank  
  50  4:32  Raven  
  50  4:33  SCV x2  
  50  4:35  Supply Depot  
  54  4:39  Interference Matrix  
  54  4:44  Marine x2  
  56  4:45  SCV x2  
  58  4:56  Siege Tank  
  58  4:57  Supply Depot, SCV  
  58  4:58  SCV  
  63  5:02  Marine x2  
  65  5:10  SCV x2  
  65  5:12  Raven  
  65  5:14  Supply Depot  
  69  5:21  Marine x2  
  69  5:24  SCV  
  69  5:27  Command Center  
  72  5:28  SCV  
  72  5:30  Siege Tank  
  76  5:36  Supply Depot, SCV  
  76  5:37  Refinery  
  76  5:40  SCV  
  78  5:52  SCV  
  78  5:53  SCV  
  80  5:57  Viking  
  80  5:58  Marine  
  80  6:00  Barracks, Viking  
  80  6:01  Barracks  
  85  6:06  Siege Tank  
  85  6:09  SCV x2  
  90  6:13  Supply Depot  
  90  6:20  Marine  
  91  6:25  SCV x2  
  91  6:29  Viking  
  93  6:35  Viking  
  93  6:38  Marine  
  93  6:39  SCV x2  
  97  6:43  Orbital Command  
  100  6:51  Engineering Bay  
  100  6:52  Engineering Bay  
Tags
 
Add a new tag
Caveats
  • Supply blocks, unpowered buildings, or Contaminate may cause inaccurate times.
  • Supply counts are checked every 10 seconds.